TOP OF THE 1ST |
Beech Mountain Mountaineers batting - Pitching for Kansas City Kings : RHP Mark Head
|
Pitching: RHP Mark Head
|
|
Batting: SHB Félix Montoya
|
0-0: Foul Ball, location: 2F 0-1: Foul Ball, location: 2F 0-2: Ball 1-2: Ball 2-2: Strikes out swinging
|
Batting: SHB Miguel González
|
0-0: Ball 1-0: Foul Ball, location: 2F 1-1: Ball 2-1: Ground out U3 (Groundball, 34)
|
Batting: LHB Robert Phillips
|
0-0: Ball 1-0: Foul Ball, location: 2F 1-1: Foul Ball, location: 2F 1-2: Foul Ball, location: 2F 1-2: Strikes out looking
|
Top of the 1st over - 0 run(s), 0 hit(s), 0 error(s), 0 left on base; Beech Mountain 0 - Kansas City 0 |
BOTTOM OF THE 1ST |
Kansas City Kings batting - Pitching for Beech Mountain Mountaineers : RHP Yong-hoon Park
|
Pitching: RHP Yong-hoon Park
|
|
Batting: RHB Chris Chandler
|
0-0: Swinging Strike 0-1: Ball 1-1: Foul Ball, location: 2F 1-2: Fly out, F7 (Flyball, 7S)
|
Batting: SHB Douglas Taylor
|
0-0: Ball 1-0: Ball 2-0: Foul Ball, location: 2F 2-1: Called Strike 2-2: Strikes out looking
|
Batting: RHB Toshimichi Kono
|
0-0: Ball 1-0: Ball 2-0: Ball 3-0: Base on Balls
|
Batting: SHB António De La Cruz
|
0-0: Called Strike 0-1: Ball 1-1: Foul Ball, location: 2F 1-2: Ball 2-2: Ball 3-2: Ground out 6-3 (Groundball, 6)
|
Bottom of the 1st over - 0 run(s), 0 hit(s), 0 error(s), 1 left on base; Beech Mountain 0 - Kansas City 0 |
TOP OF THE 2ND |
Beech Mountain Mountaineers batting - Pitching for Kansas City Kings : RHP Mark Head
|
Batting: SHB Juan Castro
|
0-0: Ball 1-0: Foul Ball, location: 2F 1-1: Called Strike 1-2: Foul Ball, location: 2F 1-2: Foul Ball, location: 2F 1-2: Fly out, F9 (Line Drive, 9D)
|
Batting: SHB Tony López
|
0-0: Fly out, F4 (Flyball, 4MD)
|
Batting: RHB John Anderson
|
0-0: SINGLE (Groundball, 56D)
|
Batting: RHB R.J. Parker
|
0-0: Ball 1-0: Fly out, F9 (Flyball, 9S)
|
Top of the 2nd over - 0 run(s), 1 hit(s), 0 error(s), 1 left on base; Beech Mountain 0 - Kansas City 0 |
BOTTOM OF THE 2ND |
Kansas City Kings batting - Pitching for Beech Mountain Mountaineers : RHP Yong-hoon Park
|
Batting: RHB Dave Parker
|
0-0: Ball 1-0: Called Strike 1-1: Swinging Strike 1-2: Foul Ball, location: 2F 1-2: Ground out 4-3 (Groundball, 34D)
|
Batting: RHB Oliver Lugo
|
0-0: Ball 1-0: Ground out 4-3 (Groundball, 4)
|
Batting: LHB Brian Boone
|
0-0: Ball 1-0: Ball 2-0: Ground out 4-3 (Groundball, 4M)
|
Bottom of the 2nd over - 0 run(s), 0 hit(s), 0 error(s), 0 left on base; Beech Mountain 0 - Kansas City 0 |
TOP OF THE 3RD |
Beech Mountain Mountaineers batting - Pitching for Kansas City Kings : RHP Mark Head
|
Batting: LHB Pedro Gonzáles
|
0-0: Ground out 1-3 (Groundball, 13)
|
Batting: RHB Jesús Cruz
|
0-0: Called Strike 0-1: Reached on error, E5 (Groundball, 56)
|
Batting: SHB Félix Montoya
|
0-0: Called Strike Jesús Cruz steals 2nd base 0-1: Swinging Strike 0-2: Strikes out swinging
|
Batting: SHB Miguel González
|
0-0: Foul Ball, location: 2F 0-1: Ball 1-1: Foul Ball, location: 2F 1-2: Strikes out looking
|
Top of the 3rd over - 0 run(s), 0 hit(s), 1 error(s), 1 left on base; Beech Mountain 0 - Kansas City 0 |
BOTTOM OF THE 3RD |
Kansas City Kings batting - Pitching for Beech Mountain Mountaineers : RHP Yong-hoon Park
|
Batting: LHB Luis González
|
0-0: Called Strike 0-1: Called Strike 0-2: SOLO HOME RUN (Flyball, 78XD), Distance : 374 ft
|
Batting: RHB Cy Keynes
|
0-0: SINGLE (Groundball, 34D)
|
Batting: RHB Chris Chandler
|
0-0: Foul Ball, location: 2F 0-1: Ball 1-1: Ball Passed Ball! Cy Keynes to second 2-1: Called Strike 2-2: Fly out, F3 (Popup, 3L)
|
Batting: SHB Douglas Taylor
|
0-0: Called Strike 0-1: Ball 1-1: Foul Ball, location: 2F 1-2: Ball 2-2: Strikes out swinging
|
Batting: RHB Toshimichi Kono
|
0-0: Ball 1-0: Ground out 5-3 (Groundball, 56S)
|
Bottom of the 3rd over - 1 run(s), 2 hit(s), 0 error(s), 1 left on base; Beech Mountain 0 - Kansas City 1 |
TOP OF THE 4TH |
Beech Mountain Mountaineers batting - Pitching for Kansas City Kings : RHP Mark Head
|
Batting: LHB Robert Phillips
|
0-0: Ball 1-0: Ball 2-0: Ball 3-0: Called Strike 3-1: Fly out, F6 (Popup, 6D)
|
Batting: SHB Juan Castro
|
0-0: Called Strike 0-1: Ball 1-1: Foul Ball, location: 2F 1-2: Ball 2-2: Strikes out swinging
|
Batting: SHB Tony López
|
0-0: SINGLE (Line Drive, 9S)
|
Batting: RHB John Anderson
|
0-0: Called Strike 0-1: Ball 1-1: Foul Ball, location: 2F 1-2: Strikes out swinging
|
Top of the 4th over - 0 run(s), 1 hit(s), 0 error(s), 1 left on base; Beech Mountain 0 - Kansas City 1 |
BOTTOM OF THE 4TH |
Kansas City Kings batting - Pitching for Beech Mountain Mountaineers : RHP Yong-hoon Park
|
Batting: SHB António De La Cruz
|
0-0: Foul Ball, location: 2F 0-1: Ball 1-1: Ball 2-1: Ball 3-1: Base on Balls
|
Batting: RHB Dave Parker
|
0-0: Ball 1-0: Foul Ball, location: 2F 1-1: Swinging Strike 1-2: Ball 2-2: Fly out, F9 (Flyball, 9LMF)
|
Batting: RHB Oliver Lugo
|
0-0: Called Strike 0-1: SINGLE (Line Drive, 7S) António De La Cruz to second
|
Batting: LHB Brian Boone
|
0-0: Foul Ball, location: 2F 0-1: Ball 1-1: Foul Ball, location: 2F 1-2: Foul Ball, location: 2F 1-2: Ball 2-2: Foul Ball, location: 2F 2-2: Fly out, F7 (Line Drive, 7S)
|
Batting: LHB Luis González
|
0-0: Ball 1-0: Called Strike 1-1: Ball 2-1: Foul Ball, location: 2F 2-2: Ground out U3 (Groundball, 34S)
|
Bottom of the 4th over - 0 run(s), 1 hit(s), 0 error(s), 2 left on base; Beech Mountain 0 - Kansas City 1 |
TOP OF THE 5TH |
Beech Mountain Mountaineers batting - Pitching for Kansas City Kings : RHP Mark Head
|
Batting: RHB R.J. Parker
|
0-0: Called Strike 0-1: Ball 1-1: Swinging Strike 1-2: Strikes out swinging
|
Batting: LHB Pedro Gonzáles
|
0-0: Ball 1-0: Ground out 3-1 (Groundball, 34)
|
Batting: RHB Jesús Cruz
|
0-0: Foul Ball, location: 2F 0-1: Foul Ball, location: 2F 0-2: Ball 1-2: Ball 2-2: SINGLE (Groundball, 56D)
|
Batting: SHB Félix Montoya
|
0-0: Ball 1-0: Ball 2-0: SINGLE (Line Drive, 89S) Jesús Cruz to second
|
Batting: SHB Miguel González
|
0-0: Called Strike 0-1: Foul Ball, location: 2F 0-2: Fly out, F9 (Flyball, 9)
|
Top of the 5th over - 0 run(s), 2 hit(s), 0 error(s), 2 left on base; Beech Mountain 0 - Kansas City 1 |
BOTTOM OF THE 5TH |
Kansas City Kings batting - Pitching for Beech Mountain Mountaineers : RHP Yong-hoon Park
|
Batting: RHB Cy Keynes
|
0-0: Called Strike 0-1: Ball 1-1: Ball 2-1: Fly out, F3 (Line Drive, 3)
|
Now at 1B: Pedro Rodríguez
|
|
Batting: RHB Chris Chandler
|
0-0: Called Strike 0-1: Ball 1-1: Called Strike 1-2: Foul Ball, location: 2F 1-2: Fly out, F7 (Line Drive, 7)
|
Batting: SHB Douglas Taylor
|
0-0: Ball 1-0: Ball 2-0: Swinging Strike 2-1: Ball 3-1: Base on Balls
|
Batting: RHB Toshimichi Kono
|
0-0: Called Strike 0-1: Ball 1-1: Ball 2-1: Ball 3-1: Called Strike 3-2: Fly out, F6 (Line Drive, 6)
|
Bottom of the 5th over - 0 run(s), 0 hit(s), 0 error(s), 1 left on base; Beech Mountain 0 - Kansas City 1 |
TOP OF THE 6TH |
Beech Mountain Mountaineers batting - Pitching for Kansas City Kings : RHP Mark Head
|
Batting: LHB Robert Phillips
|
0-0: Swinging Strike 0-1: Foul Ball, location: 2F 0-2: Ball 1-2: Ball 2-2: Ground out 6-3 (Groundball, 6S)
|
Batting: SHB Juan Castro
|
0-0: Ball 1-0: Called Strike 1-1: Ball 2-1: Fly out, F9 (Flyball, 9)
|
Batting: SHB Tony López
|
0-0: Called Strike 0-1: SINGLE (Groundball, 6MD)
|
Batting: RHB John Anderson
|
0-0: Ball 1-0: Swinging Strike 1-1: Called Strike 1-2: Ball 2-2: Ball Tony López is caught stealing 2nd base
|
Top of the 6th over - 0 run(s), 1 hit(s), 0 error(s), 0 left on base; Beech Mountain 0 - Kansas City 1 |
BOTTOM OF THE 6TH |
Kansas City Kings batting - Pitching for Beech Mountain Mountaineers : RHP Yong-hoon Park
|
Pitching: RHP Mang Tow
|
|
Batting: SHB António De La Cruz
|
0-0: Foul Ball, location: 2F 0-1: Swinging Strike 0-2: Ball 1-2: SINGLE (Groundball, 34D)
|
Batting: RHB Dave Parker
|
0-0: Called Strike 0-1: Ball 1-1: Ball 2-1: Swinging Strike 2-2: Ball 3-2: Ground out 6-3 (Groundball, 56) António De La Cruz to second
|
Batting: RHB Oliver Lugo
|
0-0: Ball 1-0: Called Strike 1-1: Ball 2-1: Called Strike 2-2: Strikes out swinging
|
Batting: LHB Brian Boone
|
0-0: Ball 1-0: Ground out 4-3 (Groundball, 4S)
|
Bottom of the 6th over - 0 run(s), 1 hit(s), 0 error(s), 1 left on base; Beech Mountain 0 - Kansas City 1 |
TOP OF THE 7TH |
Beech Mountain Mountaineers batting - Pitching for Kansas City Kings : RHP Mark Head
|
Batting: RHB John Anderson
|
0-0: Ball 1-0: Ball 2-0: Called Strike 2-1: Called Strike 2-2: Foul Ball, location: 2F 2-2: Foul Ball, location: 2F 2-2: Strikes out swinging
|
Batting: RHB R.J. Parker
|
0-0: Ball 1-0: Fly out, F5 (Popup, 5)
|
Batting: LHB Pedro Gonzáles
|
0-0: Ball 1-0: Foul Ball, location: 2F 1-1: Ball 2-1: Fly out, F7 (Flyball, 7LM)
|
Top of the 7th over - 0 run(s), 0 hit(s), 0 error(s), 0 left on base; Beech Mountain 0 - Kansas City 1 |
BOTTOM OF THE 7TH |
Kansas City Kings batting - Pitching for Beech Mountain Mountaineers : RHP Mang Tow
|
Batting: LHB Luis González
|
0-0: Called Strike 0-1: Ball 1-1: Ball 2-1: Ground out U3 (Groundball, 3)
|
Batting: RHB Cy Keynes
|
0-0: Foul Ball, location: 2F 0-1: Ball 1-1: Foul Ball, location: 2F 1-2: Ball 2-2: Ball 3-2: Ground out 6-3 (Groundball, 6)
|
Batting: RHB Chris Chandler
|
0-0: SINGLE (Line Drive, 7LM)
|
Batting: SHB Douglas Taylor
|
0-0: Foul Ball, location: 2F 0-1: Called Strike 0-2: Ball 1-2: Ball 2-2: 2-RUN HOME RUN (Flyball, 9D), Distance : 374 ft
|
Batting: RHB Toshimichi Kono
|
0-0: Called Strike 0-1: SINGLE (Groundball, 56D)
|
Pitching: RHP Matthew Scott
|
|
Batting: SHB António De La Cruz
|
0-0: Fly out, F9 (Flyball, 9)
|
Bottom of the 7th over - 2 run(s), 3 hit(s), 0 error(s), 1 left on base; Beech Mountain 0 - Kansas City 3 |
TOP OF THE 8TH |
Beech Mountain Mountaineers batting - Pitching for Kansas City Kings : RHP Mark Head
|
Pitching: RHP Nick Parks
|
|
Batting: RHB Jesús Cruz
|
0-0: Ball 1-0: Called Strike 1-1: Foul Ball, location: 2F 1-2: Strikes out looking
|
Batting: SHB Félix Montoya
|
0-0: Swinging Strike 0-1: Foul Ball, location: 2F 0-2: Strikes out looking
|
Batting: LHB Pedro Rodríguez
|
0-0: Called Strike 0-1: Ball 1-1: Ground out 5-3 (Groundball, 5L)
|
Top of the 8th over - 0 run(s), 0 hit(s), 0 error(s), 0 left on base; Beech Mountain 0 - Kansas City 3 |
BOTTOM OF THE 8TH |
Kansas City Kings batting - Pitching for Beech Mountain Mountaineers : RHP Matthew Scott
|
Batting: RHB Dave Parker
|
0-0: Foul Ball, location: 2F 0-1: Ball 1-1: Foul Ball, location: 2F 1-2: Ball 2-2: Fly out, F6 (Popup, 56)
|
Batting: RHB Oliver Lugo
|
0-0: Ground out 6-3 (Groundball, 6)
|
Batting: LHB Brian Boone
|
0-0: Ball 1-0: Ball 2-0: Ball 3-0: Called Strike 3-1: Called Strike 3-2: Base on Balls
|
Batting: LHB Luis González
|
0-0: Ball 1-0: Called Strike 1-1: Ball 2-1: Ball 3-1: Foul Ball, location: 2F 3-2: Foul Ball, location: 2F 3-2: Ground out 4-3 (Groundball, 4)
|
Bottom of the 8th over - 0 run(s), 0 hit(s), 0 error(s), 1 left on base; Beech Mountain 0 - Kansas City 3 |
TOP OF THE 9TH |
Beech Mountain Mountaineers batting - Pitching for Kansas City Kings : RHP Nick Parks
|
Pitching: RHP Alberto Bonilla
|
|
Batting: LHB Robert Phillips
|
0-0: DOUBLE (Flyball, 78D)
|
Batting: SHB Juan Castro
|
0-0: SINGLE (Groundball, 4MD) Robert Phillips to third Runner from 3rd tries for Home, SAFE, throw made home
|
Batting: SHB Tony López
|
0-0: Fly out, F8 (Flyball, 8RM)
|
Pinch Hitting: SHB Rick Turner
|
0-0: Ball 1-0: Ball 2-0: Foul Ball, location: 2F 2-1: Ball 3-1: Base on Balls Juan Castro to second
|
Batting: RHB R.J. Parker
|
0-0: Foul Ball, location: 2F 0-1: Ball 1-1: Ball 2-1: Foul Ball, location: 2F 2-2: Strikes out looking
|
Batting: LHB Pedro Gonzáles
|
0-0: Called Strike 0-1: Swinging Strike 0-2: Strikes out swinging, 2-3 out at first.
|
Top of the 9th over - 1 run(s), 2 hit(s), 0 error(s), 2 left on base; Beech Mountain 1 - Kansas City 3 |
|